 Dungeon Crawl Stone Soup version 0.16-a0-3667-g690a316 (console) character file.

9531 TALISMASHER the Basher (level 11, -11/99 HPs)
             Began as a Bearkin Chaos Knight on Jan 18, 2015.
             Was a Plaything of Xom.
             Mangled by a spectral alligator snapping turtle (27 damage)
             ... called from beyond by a ghost crab
             ... on level 1 of the Lair of Beasts.
             The game lasted 00:29:35 (14410 turns).

TALISMASHER the Basher (Bearkin Chaos Knight)      Turns: 14410, Time: 00:29:36

Health: -11/99     AC: 20    Str: 23    XL:     11   Next: 24%
Magic:  13/14      EV:  8    Int: 13    God:    Xom [*.....]
Gold:   624        SH:  3    Dex: 13    Spells: 0 memorised, 10 levels left

rFire  + + .     SeeInvis +     a - +1 whip (elec)
rCold  . . .     Clarity  +     C - +6 plate armour of Hopscotch {rF+ Str+4}
rNeg   . . .     SustAb   .     i - +0 buckler
rPois  +         Gourm    .     (helmet restricted)
rElec  +         Spirit   .     (no cloak)
rCorr  .         Warding  .     z - +1 pair of gloves
rMut   .         Stasis   .     (no boots)
MR     .....                    (no amulet)
Stlth  ..........               J - ring of see invisible
                                L - ring of poison resistance

@: very slightly contaminated, hasted, very quick, not resistant to hostile
enchantments, extremely unstealthy
A: antennae 1, claws 2, fangs 1, rugged brown scales 1, thin metallic scales 1,
clarity, clever 1, deformed body, fire resistance 1, sense surroundings 1,
robust 2, shaggy fur 2, electricity resistance, hind claws 1, cornered berserk
a: Cornered Berserk, Renounce Religion


You were on level 1 of the Lair of Beasts.
You worshipped Xom.
You were a special plaything of Xom.
You were hungry.

You visited 2 branches of the dungeon, and saw 12 of its levels.
You also visited: Ossuary.

You collected 669 gold pieces.
You spent 45 gold pieces at shops.

Inventory:

Hand weapons
 a - a +1 whip of electrocution (weapon)
 e - a +1 morningstar of holy wrath
 M - a +1 mace of chaos
Armour
 b - a +2 leather armour
 i - a +0 buckler (worn)
 z - a +1 pair of gloves (worn)
 C - the +6 plate armour of Hopscotch (worn) {rF+ Str+4}
   (You found it on level 5 of the Dungeon)

   It affects your strength (+4).
   It protects you from fire.
Jewellery
 q - an uncursed ring of wizardry
 s - an uncursed ring of positive energy
 y - a +3 ring of intelligence
 I - an uncursed ring of protection from fire
 J - a ring of see invisible (right hand)
 L - a ring of poison resistance (left hand)
Magical devices
 F - a wand of fireball (2)
Scrolls
 d - 2 scrolls of enchant armour
 f - 3 scrolls of enchant weapon
 h - 2 scrolls of fear
 j - 6 scrolls of magic mapping
 n - 4 scrolls of remove curse
 r - 3 scrolls of blinking
 x - a scroll of teleportation
 N - a scroll of identify
Potions
 k - a potion of brilliance
 l - a potion of cancellation
 m - 2 potions of cure mutation
 o - a potion of lignification
 p - a potion of resistance
 t - 3 potions of might
 u - a potion of haste
 B - a potion of magic
 E - 2 potions of heal wounds
 G - 6 potions of curing
 H - a potion of invisibility
 K - 2 potions of agility
Comestibles
 c - 9 bread rations
 g - 8 slices of pizza
 v - 5 meat rations
 A - a royal jelly
 D - a beef jerky


   Skills:
 + Level 6.1 Fighting
 - Level 12.7 Maces & Flails
 - Level 6.0 Armour
 - Level 5.5 Dodging
 - Level 1.4 Stealth
 + Level 1.6 Evocations


You had 10 spell levels left.
You didn't know any spells.

Dungeon Overview and Level Annotations

Branches:
Dungeon (11/15)            Temple (0/1) D:6            Lair (1/8) D:10
    Orc (0/4) D:10

Altars:
Ashenzari
Cheibriados
Dithmenos
Elyvilon
Fedhas
Gozag
Kikubaaqudgha
Okawaru
Sif Muna
Trog
Vehumet
Xom
Zin

Shops:
D:5 :   D:6 [   D:7 !   D:8 ((?=?

Annotations:
D:3 exclusion: ogre
D:8 Maurice


Innate Abilities, Weirdness & Mutations

You have very sharp fingernails.
You have very sharp teeth.
You are very robust (+20% HP).
You are covered in thick fur (AC +2).
Your hind legs have claws.
You can berserk when greatly wounded.
You have a pair of small antennae on your head.
You are partially covered in rugged brown scales (AC +1, +3% HP).
You are partially covered in thin metallic scales (AC +2).
You possess an exceptional clarity of mind.
Your mind is acute. (Int +2)
Armour fits poorly on your strangely shaped body.
Your flesh is heat resistant.
You passively map a small area around you.
You are resistant to electric shocks.


Message History

You bite the spectral alligator snapping turtle, but do no damage.
The spectral alligator snapping turtle is moderately damaged.
You are engulfed in ghostly flame.
* * * LOW HITPOINT WARNING * * *
You hit the spectral alligator snapping turtle but do no damage.
There is a sudden explosion of sparks!
You claw the spectral alligator snapping turtle, but do no damage.
The spectral alligator snapping turtle is heavily damaged.
You are engulfed in ghostly flame.
* * * LOW HITPOINT WARNING * * *
The spectral blink frog barely misses you.
You whack the spectral alligator snapping turtle!
There is a sudden explosion of sparks!
You claw the spectral alligator snapping turtle, but do no damage.
You bite the spectral alligator snapping turtle, but do no damage.
The spectral alligator snapping turtle is severely damaged.
You are engulfed in ghostly flame.
The spectral alligator snapping turtle bites you!!
You die...
Xom giggles madly!

................#
............(..#
*...............#
.#...######..#Z#
.... ####0# ...
#Z## ., #Z0# #Z##
, #@0#
#########Z##
...#..#.P#Z# *
.......00Zt# .
#...##0#.0#
..#.....0Z#0# ,
...........#0#
...........#.#
...#.......#0#


You could see a ghost crab shaped shifter (invisible), a spectral iguana, a
spectral water moccasin, a spectral quokka, a spectral seven-headed hydra, a
spectral six-headed hydra, a spectral hippogriff, a spectral blink frog and a
spectral alligator snapping turtle.

Vanquished Creatures
  An unseen horror (D:10)
  A hill giant (D:10)
  Pikel (D:4)
  2 centaur skeletons (D:10)
  A spiny frog (shapeshifter) (D:8)
  A komodo dragon (Lair:1)
  A fire drake (D:10)
  2 polar bears (D:9)
  A troll (D:10)
  Prince Ribbit (D:8)
  A blink frog (Lair:1)
  A spriggan (D:8)
  A wyvern (D:8)
  2 hungry ghosts
  A wolf (D:9)
  A water moccasin (D:7)
  2 black bears
  2 slaves (D:4)
  2 sky beasts
  3 orc warriors
  5 ice beasts
  2 centaurs
  2 eyes of draining (D:10)
  2 ogres
  A big kobold (D:8)
  7 giant frogs
  3 water moccasin zombies (Ossuary)
  A wyvern zombie (D:6)
  A gnoll sergeant (D:9)
  2 wyvern skeletons
  10 scorpions
  9 killer bees
  2 electric eels
  4 crimson imps
  A quasit (D:7)
  2 centaur zombies
  A giant frog skeleton (D:4)
  6 hounds
  2 orc priests
  3 jellies
  4 iguanas
  13 orc wizards
  15 worker ants
  2 big kobold zombies (Ossuary)
  2 mummies (Ossuary)
  A worker ant zombie (D:10)
  A hound skeleton (D:10)
  Robin (D:3)
  8 gnolls
  14 adders
  A hound simulacrum (D:9)
  A white imp (D:9)
  2 shadow imps
  4 worms
  8 adder zombies
  An adder skeleton (D:7)
  4 giant geckos
  An ooze (D:3)
  40 orcs
  3 ball pythons (D:3)
  18 bats
  A bat skeleton (D:8)
  5 giant cockroaches
  3 gnoll zombies (Ossuary)
  16 hobgoblins
  13 jackals
  14 kobolds
  8 quokkas
  A giant gecko skeleton (D:4)
  A giant newt (D:7)
  17 goblins
  7 hobgoblin zombies (Ossuary)
  6 kobold zombies (Ossuary)
  7 orc zombies (Ossuary)
  16 rats
  7 ballistomycetes (D:9)
360 creatures vanquished.

Vanquished Creatures (collateral kills)
  A hound (D:10)
  An orc wizard (D:5)
  5 orcs (D:5)
  2 giant cockroaches
  A goblin (D:5)
  A hobgoblin (D:5)
  A ballistomycete (D:9)
12 creatures vanquished.

Vanquished Creatures (others)
  A blink frog (Lair:1)
  A wasp (D:5)
  A crimson imp (D:9)
  A white imp (D:10)
  A goblin (D:3)
  5 giant spores (D:9)
10 creatures vanquished.

Grand Total: 382 creatures vanquished

Notes
Turn   | Place    | Note
--------------------------------------------------------------
     0 | D:1      | TALISMASHER, the Bearkin Chaos Knight, began the quest for the Orb.
     0 | D:1      | Reached XP level 1. HP: 18/18 MP: 1/1
    40 | D:1      | XOM: harmless Fire miscast
    81 | D:1      | Reached skill level 1 in Stealth
    81 | D:1      | Reached XP level 2. HP: 14/24 MP: 2/2
   447 | D:1      | XOM is BORED!
   447 | D:1      | XOM: silly message
   552 | D:1      | You fall through a shaft!
   597 | D:2      | XOM: divination: detect creatures
   885 | D:2      | Reached XP level 3. HP: 19/29 MP: 3/3
  1013 | D:2      | Found a shadowy altar of Dithmenos.
  1016 | D:2      | Found a white marble altar of Elyvilon.
  1019 | D:2      | Found an opulent altar of Gozag.
  1020 | D:2      | Found a shattered altar of Ashenzari.
  1021 | D:2      | Found a shimmering altar of Xom.
  1022 | D:2      | Found a glowing silver altar of Zin.
  1179 | D:2      | Reached skill level 4 in Maces & Flails
  1180 | D:2      | XOM: mild Erth miscast
  1879 | D:2      | XOM: harmless Tloc miscast
  1889 | D:2      | Gained mutation: You have very sharp teeth. [bearkin transformation]
  1889 | D:2      | Reached XP level 4. HP: 35/35 MP: 4/4
  2021 | D:2      | Found a deep blue altar of Sif Muna.
  2303 | D:3      | Noticed Robin
  2322 | D:3      | XOM: potion effect (berserk rage)
  2333 | D:3      | Killed Robin
  2334 | D:3      | Reached skill level 5 in Maces & Flails
  2705 | D:3      | Reached XP level 5. HP: 41/41 MP: 5/5
  3070 | D:3      | XOM: harmless Ice miscast
  3095 | D:3      | Reached skill level 6 in Maces & Flails
  3150 | D:3      | XOM: butterfly on damage
  3340 | D:3      | Noticed an ogre
  3348 | D:3      | XOM: harmless Necr miscast
  3553 | D:4      | Gained mutation: You are covered in thick fur (AC +2). [bearkin transformation]
  3553 | D:4      | Reached XP level 6. HP: 32/47 MP: 6/6
  3697 | D:4      | XOM: harmless Divn miscast
  4361 | D:4      | Noticed a slave
  4361 | D:4      | Noticed a slave
  4424 | D:4      | Noticed a slave
  4442 | D:4      | Killed a slave
  4446 | D:4      | XOM: divination: magic mapping
  4453 | D:4      | XOM: divination: detect items
  4463 | D:4      | Killed a slave
  4752 | D:4      | XOM: confuse monster(s)
  4770 | D:4      | XOM: enchant monster (good)
  4772 | D:4      | Reached skill level 7 in Maces & Flails
  4772 | D:4      | Reached XP level 7. HP: 25/52 MP: 7/7
  5017 | D:4      | XOM: fake destruction
  5018 | D:4      | XOM: swap monsters
  5079 | D:4      | Gained mutation: You have a pair of small antennae on your head. [mutagenic meat]
  5080 | D:4      | Gained mutation: You can spit poison. [mutagenic meat]
  5126 | D:4      | Found an iron altar of Okawaru.
  5205 | D:4      | XOM: give mutation
  5205 | D:4      | Gained mutation: You possess an exceptional clarity of mind. [Xom's grace]
  5316 | D:4      | Noticed Pikel
  5327 | D:4      | Killed Pikel
  5327 | D:4      | Reached skill level 8 in Maces & Flails
  5327 | D:4      | Reached skill level 5 in Dodging
  5327 | D:4      | Gained mutation: You have very sharp fingernails. [bearkin transformation]
  5327 | D:4      | Reached XP level 8. HP: 37/58 MP: 8/8
  5355 | D:4      | Noticed a freed slave
  5407 | D:4      | XOM: give mutations
  5407 | D:4      | Gained mutation: You are resistant to electric shocks. [Xom's grace]
  5407 | D:4      | Gained mutation: You are partially covered in molten scales (AC +1). [Xom's grace]
  5407 | D:4      | Gained mutation: You evolve. [Xom's grace]
  5407 | D:4      | Gained mutation: You are robust (+10% HP). [Xom's grace]
  5537 | D:4      | Noticed an ice beast
  5561 | D:4      | Killed an ice beast
  5847 | D:5      | Entered Level 5 of the Dungeon
  5854 | D:5      | XOM: cast spell 'Summon Swarm'
  5878 | D:5      | XOM: god gift: ring mail {god gift}
  5983 | D:5      | XOM: god gift: purple potion
  6001 | D:5      | Got a fine plate armour
  6012 | D:5      | Identified the +6 plate armour of Hopscotch {rF+ Str+4} (You found it on level 5 of the Dungeon)
  6285 | D:5      | Reached skill level 9 in Maces & Flails
  6285 | D:5      | Reached skill level 1 in Armour
  6300 | D:5      | Found a shadowy altar of Dithmenos.
  6428 | D:5      | XOM: 1-stop teleportation journey
  6635 | D:5      | XOM: noise
  6736 | D:5      | XOM: mild Conj miscast
  6770 | D:5      | Found Jiter's Book Shoppe.
  6899 | D:5      | Found a snail-covered altar of Cheibriados.
  6899 | D:5      | Found an ancient bone altar of Kikubaaqudgha.
  6946 | D:6      | XOM: stealth player
  6959 | D:6      | Found Nuxky Lai's Armour Shoppe.
  6995 | D:6      | XOM: 6-stop teleportation journey
  7105 | D:6      | XOM: harmless Conj miscast
  7109 | D:6      | Gained mutation: You are very robust (+20% HP). [bearkin transformation]
  7109 | D:6      | Reached XP level 9. HP: 61/75 MP: 9/9
  7173 | D:6      | Found a blossoming altar of Fedhas.
  7173 | D:6      | XOM: summons 9 friendly demons
  7581 | D:6      | Found a staircase to the Ecumenical Temple.
  7738 | D:6      | XOM: give mutations
  7738 | D:6      | Lost mutation: You can spit poison. [Xom's mischief]
  7738 | D:6      | Gained mutation: Armour fits poorly on your strangely shaped body. [Xom's mischief]
  7738 | D:6      | Lost mutation: You are partially covered in molten scales (AC +1). [Xom's mischief]
  7842 | D:6      | XOM: mild Air miscast
  7962 | D:6      | XOM: silly message
  8109 | D:6      | XOM: 2-stop teleportation journey
  8328 | D:7      | XOM: repel stairs
  8340 | D:7      | Reached skill level 10 in Maces & Flails
  8449 | D:7      | Found a radiant altar of Vehumet.
  8479 | D:7      | Found Selleca's Distillery.
  8512 | D:7      | XOM: silly message
  8557 | D:7      | Found a bloodstained altar of Trog.
  8834 | D:7      | Gained mutation: You passively map a small area around you. [evolution]
  8834 | D:7      | Lost mutation: You evolve. [end of evolution]
  8855 | D:8      | Found Jeryuxkay's Magic Scroll Shoppe.
  8864 | D:8      | Bought a scroll of teleportation for 45 gold pieces
  8967 | D:8      | Found a sand-covered staircase.
  8984 | Ossuary  | Entered an ossuary
  9140 | Ossuary  | XOM: swap monsters
  9323 | D:8      | XOM: noise
  9340 | D:8      | XOM: swap monsters
  9415 | D:8      | XOM: 1-stop teleportation journey
  9547 | D:8      | Found Cehaostra's Antique Weapon Boutique.
  9547 | D:8      | XOM: 4-stop teleportation journey
  9553 | D:8      | XOM: enchant monster (bad)
  9627 | D:8      | Found Smottiy's Antique Weapon Shop.
  9681 | D:8      | Found Cisatin's Jewellery Shop.
  9803 | D:8      | Reached skill level 11 in Maces & Flails
  9877 | D:8      | Reached XP level 10. HP: 82/84 MP: 10/10
  9882 | D:8      | XOM: divination: detect creatures
  9955 | D:8      | XOM: enchant monster (good)
  9956 | D:8      | Noticed an orb spider
  9956 | D:8      | a troll changed into an orb spider
  9956 | D:8      | an orb spider changed into a spiny frog
  9964 | D:8      | Reached skill level 5 in Armour
  9979 | D:8      | HP: 4/84 [poisoned by a spiny frog]
  9984 | D:8      | HP: 3/84 [poisoned by a spiny frog]
  9989 | D:8      | HP: 3/84 [poisoned by a spiny frog]
  9994 | D:8      | HP: 3/84 [poisoned by a spiny frog]
 10185 | D:8      | XOM: cast spell 'Ice Form'
 10220 | D:8      | XOM: colour smoke trail
 10245 | D:8      | Found Puozie's Magic Scroll Shop.
 10283 | D:8      | Noticed Prince Ribbit
 10293 | D:8      | XOM: swap monsters
 10301 | D:8      | XOM: fog
 10408 | D:8      | Killed Prince Ribbit
 10661 | D:8      | Noticed Maurice
 11317 | D:9      | XOM: give mutations
 11317 | D:9      | Gained mutation: You are partially covered in rugged brown scales (AC +1, +3% HP). [Xom's grace]
 11317 | D:9      | Gained mutation: You are partially covered in thin metallic scales (AC +2). [Xom's grace]
 11317 | D:9      | Gained mutation: Your mind is acute. (Int +2) [Xom's grace]
 11317 | D:9      | Gained mutation: Your flesh is heat resistant. [Xom's grace]
 11505 | D:9      | XOM: stat loss: -1 Int (12/13)
 11588 | D:9      | Reached skill level 12 in Maces & Flails
 11925 | D:9      | XOM: summons friendly crimson imp
 12624 | D:10     | Entered Level 10 of the Dungeon
 12632 | D:10     | Noticed an unseen horror
 12664 | D:10     | XOM: god gift: 46 gold pieces
 12674 | D:10     | Killed an unseen horror
 12793 | D:10     | Found a staircase to the Orcish Mines.
 12868 | D:10     | Found a staircase to the Lair.
 12875 | D:10     | XOM: summons friendly white imp
 12902 | D:10     | Noticed a hill giant
 12909 | D:10     | Killed a hill giant
 12909 | D:10     | Reached skill level 5 in Fighting
 12909 | D:10     | Reached XP level 11. HP: 85/97 MP: 11/11
 13042 | D:10     | XOM: summons 5 hostile shadow creatures
 13043 | D:10     | Noticed a hill giant
 13852 | D:11     | XOM: swap monsters
 13853 | D:11     | Noticed an unseen horror
 13892 | D:10     | XOM: scenery: create altars
 13902 | D:10     | XOM: summons 5 hostile shadow creatures
 14085 | Lair:1   | Entered Level 1 of the Lair of Beasts
 14102 | Lair:1   | Reached skill level 1 in Evocations
 14386 | Lair:1   | XOM: chaos cloud
 14399 | Lair:1   | Noticed a ghost crab
 14399 | Lair:1   | a blink frog changed into a ghost crab
 14403 | Lair:1   | Noticed a spectral alligator snapping turtle
 14406 | Lair:1   | Noticed a spectral seven-headed hydra
 14408 | Lair:1   | Noticed a spectral six-headed hydra
 14410 | Lair:1   | Mangled by a spectral alligator snapping turtle

Action                   |  1- 3 |  4- 6 |  7- 9 | 10-12 || total
-------------------------+-------+-------+-------+-------++-------
Melee: Mace              |   116 |   215 |   676 |   469 ||  1476
       Whip              |       |       |       |   124 ||   124
 Abil: Cornered Berserk  |       |     1 |       |     1 ||     2
       Spit Poison       |       |       |     6 |       ||     6
Evoke: Wand              |       |       |       |     2 ||     2
  Use: Scroll            |       |     6 |    16 |     8 ||    30
       Potion            |       |     2 |       |     1 ||     3
 Stab: Sleeping          |     1 |     1 |       |       ||     2
       Paralysed         |       |     2 |     8 |     5 ||    15
       Confused          |       |     1 |     3 |       ||     4
       Petrifying        |       |       |     6 |     3 ||     9
       Distracted        |       |       |     1 |       ||     1
       Petrified         |       |       |     1 |     2 ||     3
  Eat: Chunk             |     3 |    11 |    20 |    12 ||    46
       Fruit             |       |       |     2 |       ||     2
       Beef jerky        |       |       |       |     2 ||     2
